 Dungeon Crawl Stone Soup version 0.31.0-32-g396128a36d (webtiles) character file.

Game seed: 1871110915169237510

65 Glalom the Shooter (level 4, -1/29 HPs)
             Began as a Kobold Hunter on Mar 30, 2024.
             Slain by Sigmund
             ... wielding a +0 scythe
              (11 damage)
             ... on level 3 of the Dungeon.
             The game lasted 00:06:31 (1792 turns).

Glalom the Shooter (Kobold Hunter)                  Turns: 1792, Time: 00:06:31

Health: -1/29      AC:  4    Str:  8    XL:     4   Next: 35%
Magic:  4/4        EV: 14    Int: 10    God:
Gold:   104        SH:  0    Dex: 20    Spells: 3/3 levels left

rFire   . . .        a - +0 shortbow
rCold   . . .        (shield currently unavailable)
rNeg    . . .        c - +0 leather armour
rPois   .            g - +0 helmet
rElec   .            (no cloak)
rCorr   .            (no gloves)
SInv    .            (no boots)
Will    .....        (no amulet)
Stlth   +++          (no ring)
HPRegen 0.24/turn    (no ring)
MPRegen 0.09/turn

%: no passive effects
@: attractive
A: small, no large weapons, nightstalker 3
a: no special abilities


You were on level 3 of the Dungeon.
You visited 1 branch of the dungeon, and saw 3 of its levels.

You collected 104 gold pieces.

Inventory:

Hand Weapons
 a - a +0 shortbow (weapon)
 b - a +2 dagger of venom
Missiles
 f - 2 poisoned darts (quivered)
Armour
 c - a +0 leather armour (worn)
 g - a +0 helmet (worn)
 o - the +0 ring mail "Ruqif" {rC+}
   (You found it on level 3 of the Dungeon)

   rC+:       It protects you from cold.
Scrolls
 d - a scroll of butterflies
 e - 9 scrolls of identify {unknown}
 i - a scroll of enchant armour {unknown}
 m - a scroll of vulnerability {unknown}
Potions
 h - 2 potions of might {unknown}
 j - 2 potions of attraction
 k - a potion of magic {unknown}
 l - a potion of berserk rage {unknown}
 n - a potion of heal wounds {unknown}
 p - a potion of curing {unknown}


   Skills:
 + Level 4.0 Fighting
 - Level 6.0 Ranged Weapons
 - Level 2.4 Dodging
 - Level 1.3 Stealth


You had 3 spell levels left.
You didn't know any spells.
Your spell library was empty.

Dungeon Overview and Level Annotations

Branches:
Dungeon (3/15)

Altars:

Annotations:
D:3 Sigmund


Innate Abilities, Weirdness & Mutations

You are small and have problems with some larger weapons.
You are completely attuned to the shadows.


Message History

You throw a poisoned dart. The poisoned dart hits Sigmund.
Sigmund shouts!
Sigmund casts a spell at you. The magic dart hits you!
Throw: 4 darts (poison)
Press: ? - help, Q - select action, (/) - cycle Shift-Dir - straight line, f/p - Sigmund
Aim: Sigmund, wielding a +0 scythe and wearing a +2 robe (58% to hit)
You throw a poisoned dart. The poisoned dart hits Sigmund.
Sigmund is poisoned.
Throw: 3 darts (poison)
Press: ? - help, Q - select action, (/) - cycle Shift-Dir - straight line, f/p - Sigmund
Aim: Sigmund, wielding a +0 scythe and wearing a +2 robe (poisoned, 58% to hit)
You throw a poisoned dart. The poisoned dart hits Sigmund.
A quokka comes into view.
Sigmund says, "I'm your fate." Sigmund casts a spell at you.
You are confused.
You are too confused!
You are too confused!
A ribbon worm comes into view.
Found a scroll labelled ZOAPAG XUNUDUE.
Sigmund gestures at you while chanting. The puff of flame hits you!
The quokka misses you.
You see here a bat corpse.
Sigmund barely misses you.
The ribbon worm expels a string of sticky webbing.
The stream of webbing misses you.
Sigmund looks more healthy.
The quokka bites you but does no damage.
The quokka misses you.
You bump into the closed door.
You feel less confused.
Sigmund hits you from afar with a +0 scythe.
The quokka barely misses you.
Sigmund says, "Don't worry, I'll kill you fast."
It was a potion of attraction.
You feel attractive to monsters. The quokka closely misses you.
Sigmund hits you from afar with a +0 scythe!
You die...
Sigmund begins carving another notch in his scythe.

###### #....#
#....##....?
#...###....##..(..
#...##......#.(...
#...##......#.....
##...###......†....
#.....~....r.......
#.###.~...@w@......
#.#...≈..#+#.......
#.####≈#.# #.......
#.# #≈#.# #.#+####
#.# ≈# #.# #.# ..#
#.# ######.# #.#
#......#.# #.#
#.##...#.#


You could see Sigmund, a ribbon worm and a quokka.

Vanquished Creatures
  2 adders (D:2)
  3 dart slugs
  3 bats
  4 endoplasms
  3 giant cockroaches
  8 goblins (D:1)
  4 hobgoblins
  3 kobolds
  A quokka (D:2)
  2 ball pythons
  3 frilled lizards (D:1)
  3 rats
39 creatures vanquished.

Notes
Turn   | Place    | Note
-------+----------+-------------------------------------------
     0 | D:1      | Glalom the Kobold Hunter began the quest for the Orb.
     0 | D:1      | Reached XP level 1. HP: 12/12 MP: 1/1
    77 | D:1      | Reached XP level 2. HP: 17/17 MP: 2/2
   103 | D:1      | Reached skill level 6 in Ranged Weapons
   374 | D:1      | Reached XP level 3. HP: 19/22 MP: 3/3
  1159 | D:2      | Reached XP level 4. HP: 29/29 MP: 4/4
  1704 | D:3      | Identified the +0 ring mail "Ruqif" {rC+}
  1780 | D:3      | Noticed Sigmund
  1792 | D:3      | Slain by Sigmund

Illustrated notes

Levels and vault maps discovered:
D:1:      minmay_arrival_arboretum_small, layout_basic
D:2:      layout_basic
D:3:      layout_basic, chequers_serial_rivers_micro_b, uniq_sigmund

Skill      XL: |  1  2  3  4 |
---------------+-------------+-----
Ranged Weapons | 6 |  6.0
Fighting       | 3 4 |  4.0
Dodging        | |  2.4
Stealth        | |  1.3

Action                     |  1- 3 |  4- 6 || total
---------------------------+-------+-------++-------
   Fire: Shortbow          |    88 |     8 ||    96
  Throw: Dart              |       |     3 ||     3
    Use: Potion            |       |     1 ||     1
 Armour: Leather armour    |    13 |     6 ||    19
         Skin              |       |     3 ||     3
         Ring mail         |       |     1 ||     1
  Dodge: Dodged            |    41 |    12 ||    53
